 Dungeon Crawl Stone Soup version 0.29-a0-321-gf1c400731a (webtiles) character file.

Game seed: 5161788733185049246

128 Dabor the Insei (level 5, -1/33 HPs)
             Began as an Octopode Transmuter on Apr 3, 2022.
             Was a Follower of Dithmenos.
             Hit by a stone thrown by a kobold (2 damage)
             ... on level 3 of the Dungeon.
             The game lasted 00:04:31 (3218 turns).

Dabor the Insei (Octopode Transmuter)               Turns: 3218, Time: 00:04:31

Health: -1/33      AC:  3    Str:  9    XL:     5   Next: 11%
Magic:  9/9        EV: 14    Int: 15    God:    Dithmenos [*.....]
Gold:   114        SH:  0    Dex: 21    Spells: 3/9 levels left

rFire   . . .      SeeInvis .   p - +5 club
rCold   . . .      Faith    .   (no shield)
rNeg    . . .      Spirit   .   b - +2 hat
rPois   .          Reflect  .   f - amulet of magic regeneration
rElec   .          Harm     .   s - +6 ring of dexterity
rCorr   .          Rampage  .   (no ring)
Will    .....                   (no ring)
Stlth   ++++......              (no ring)
HPRegen 0.11/turn               (no ring)
MPRegen 0.51/turn               (no ring)
                                (no ring)
                                (no ring)

@: lethally poisoned (-1 -> -14), about to teleport, wereblooded, wreathed by
umbra
A: almost no armour, amphibious, 8 rings, camouflage 1, gelatinous body 1,
(nimble swimmer 1), tentacles
a: Renounce Religion


You were on level 3 of the Dungeon.
You worshipped Dithmenos.
Dithmenos was aware of your devotion.
You visited 1 branch of the dungeon, and saw 3 of its levels.

You collected 114 gold pieces.

Inventory:

Hand Weapons
 p - a +5 club (weapon)
Missiles
 j - 10 poisoned darts (quivered)
Armour
 b - a +2 hat (worn)
Jewellery
 f - an amulet of magic regeneration (around mantle)
 s - a +6 ring of dexterity (left tentacle)
Scrolls
 a - a scroll of vulnerability
 d - a scroll of identify
 h - a scroll of summoning {unknown}
 n - a scroll of enchant weapon {unknown}
 q - a scroll of fear {unknown}
Potions
 c - a potion of brilliance {unknown}
 i - a potion of attraction {unknown}
 k - a potion of cancellation {unknown}
 m - 2 potions of heal wounds {unknown}
 o - a potion of berserk rage {unknown}
 r - 2 potions of flight {unknown}


   Skills:
 - Level 1.4 Fighting
 - Level 2.3 Dodging
 - Level 1.2 Stealth
 - Level 3.2 Unarmed Combat
 + Level 2.8 Spellcasting
 + Level 2.9 Transmutations
 * Level 2.8 Poison Magic


You had 3 spell levels left.
You knew the following spells:

 Your Spells              Type           Power      Damage    Failure   Level
a - Beastly Appendage     Tmut           20%        N/A       6%          1
b - Wereblood             Tmut           10%        N/A       10%         2
c - Spider Form           Tmut/Pois      10%        N/A       19%         3

Your spell library contained the following spells:

 Spells                   Type           Power      Damage    Failure   Level
 Dazzling Flash           Conj/Hex       4%         N/A       52%         3
 Gell's Gravitas          Tloc           2%         N/A       52%         3
 Lesser Beckoning         Tloc           2%         N/A       52%         3
 Teleport Other           Tloc           2%         N/A       52%         3
 Ice Form                 Ice/Tmut       6%         N/A       73%         4
 Agony                    Necr           2%         N/A       99%         5
 Silence                  Hex/Air        1%         N/A       99%         5


Dungeon Overview and Level Annotations

Branches:
Dungeon (3/15)

Altars:
Dithmenos
Nemelex Xobeh


Innate Abilities, Weirdness & Mutations

You cannot wear most types of armour.
You are amphibious.
You can wear up to eight rings at the same time.
Your skin changes colour to match your surroundings (Stealth+).
Your rubbery body absorbs attacks. (AC +1, EV +1)
((You are camouflaged when in or above water. (Stealth+)))
You have tentacles for arms and can constrict up to eight enemies at once.


Message History

You sock the orc!
You feel a bit better.
You kill the orc!
Dithmenos accepts your kill.
* * * LOW HITPOINT WARNING * * *
You feel very sick. The orc closely misses you. Something hits you.
* * * LOW HITPOINT WARNING * * *
It was a potion of curing.
You feel better.
You hear some strange, mumbled words.
You are confused.
The orc closely misses you.
You barely miss the orc. Your squeeze misses the orc.
The orc is heavily wounded.
Something hits you.
* * * LOW HITPOINT WARNING * * *
The orc hits you with a +1 whip of venom.
* * * LOW HITPOINT WARNING * * *
Your magical contamination has completely faded away.
You feel better. The adder closely misses you. Something hits you.
The orc misses you.
As you read the scroll labelled QEOWOE MEKIENA, it crumbles to dust.
It is a scroll of identify.
a - a scroll of vulnerability The adder completely misses you.
Something barely misses you. The orc misses you.
As you read the scroll labelled IDUYXY SAUCI, it crumbles to dust.
The creatures around you are filled with an inner flame!
It was a scroll of immolation.
The adder misses you.
The orc hits you with a +1 whip of venom.
You are poisoned.
Something hits you. The adder misses you.
As you read the scroll labelled MEG USEGOUT, it crumbles to dust.
You feel strangely unstable.
It was a scroll of teleportation.
You feel sick. Something hits you.
* * * LOW HITPOINT WARNING * * *
The orc hits you with a +1 whip of venom.
* * * LOW HITPOINT WARNING * * *
You are more poisoned.
The kobold throws a stone.
The stone hits you.
You die...

....# ....## .....## .
......... .. ..........
.>.# .......... .K..).
##.........
#.......##@.........
#........o{S........
#.........K.....#.. #
##....(..........#.# .#
S.........)[.....#.#..#
.....................#
#..............[.###
#................#
###.............##


You could see an adder (inner flame), an orc (inner flame) and a kobold (inner
flame).

Vanquished Creatures
  Jessica (D:2)
  A gnoll (D:1)
  4 adders (D:2)
  2 dart slugs (D:2)
  3 orcs (D:3)
  6 bats
  3 endoplasms
  4 giant cockroaches
  6 goblins
  3 hobgoblins
  A jackal (D:2)
  A kobold (D:2)
  2 quokkas
  7 ball pythons
  3 frilled lizards
  3 rats (D:1)
50 creatures vanquished.

Notes
Turn   | Place    | Note
-------+----------+-------------------------------------------
     0 | D:1      | Dabor the Octopode Transmuter began the quest for the Orb.
     0 | D:1      | Reached XP level 1. HP: 13/13 MP: 3/3
   468 | D:1      | Reached XP level 2. HP: 17/18 MP: 3/5
   495 | D:1      | Learned a level 2 spell: Wereblood
  1010 | D:1      | Reached skill level 1 in Stealth
  1010 | D:1      | Reached XP level 3. HP: 15/23 MP: 6/6
  1821 | D:2      | Reached skill level 1 in Poison Magic
  1865 | D:2      | Found a faded altar of an unknown god.
  1883 | D:2      | Reached XP level 4. HP: 19/28 MP: 7/7
  2128 | D:2      | Prayed at the altar of an unknown god.
  2128 | D:2      | Became a worshipper of Dithmenos the Shadowed
  2128 | D:2      | Reached * piety under Dithmenos
  2276 | D:2      | Learned a level 3 spell: Spider Form
  2444 | D:2      | Found a sparkling altar of Nemelex Xobeh.
  2744 | D:3      | Noticed Jessica
  2760 | D:2      | Killed Jessica
  2761 | D:2      | Reached XP level 5. HP: 5/33 MP: 7/9
  3203 | D:3      | Identified the +7 dagger "Wixueseh" {spect, *Corrode Str+6
                  | Dex+4 SInv}
  3218 | D:3      | HP: 1/33 [orc/+1 whip of venom (3)]
  3218 | D:3      | Hit by a stone thrown by a kobold

Illustrated notes

Levels and vault maps discovered:
D:1:      matt_arrival_refuge, layout_basic, serial_aquarium,
          aquarium_bridge_island_large [aquarium_subvault_large_water,
          aquarium_subvault_window, aquarium_subvault_wall,
          aquarium_subvault_wall, aquarium_subvault_bridge],
          aquarium_bridge_square [aquarium_subvault_wall,
          aquarium_subvault_bridge, aquarium_subvault_balcony,
          aquarium_subvault_wall], aquarium_window_corner, aquarium_window_1,
          aquarium_window_corridor_3, aquarium_view_2g, aquarium_view_2b,
          aquarium_balcony_3a, aquarium_pool_2
D:2:      layout_basic, basic_ecumenical_altar, basic_altar, minmay_tall_x
D:3:      layout_rooms, lemuel_tele_altar,
          nicolae_hepliaklqana_ecumenical_no_more, serial_shops, shop,
          nicolae_shop_trees, uniq_jessica

Skill      XL: |  1  2  3  4 |
---------------+-------------+-----
Stealth        | 1 |  1.2
Poison Magic   | 1 2 |  2.8
Fighting       | |  1.4
Dodging        | |  2.3
Unarmed Combat | |  3.2
Spellcasting   | |  2.8
Transmutations | |  2.9

Action                   |  1- 3 |  4- 6 || total
-------------------------+-------+-------++-------
Melee: Unarmed           |    72 |    36 ||   108
       Tentacles         |    14 |     9 ||    23
       Constrict         |    20 |    11 ||    31
       Kick              |     4 |     2 ||     6
       Punch             |     1 |       ||     1
       Club              |       |    12 ||    12
Throw: Dart              |       |     1 ||     1
 Cast: Beastly Appendage |    10 |     1 ||    11
       Wereblood         |       |     2 ||     2
  Use: Potion            |       |     3 ||     3
       Scroll            |       |     3 ||     3
 Stab: Sleeping          |     8 |     5 ||    13
Armor: Skin              |     7 |    12 ||    19
Dodge: Dodged            |    46 |    42 ||    88

Table legend: (Time is in decaauts)
 A = Elapsed time spent in this place.
 B = Non-inter-level travel time spent in this place.
 C = Inter-level travel time spent in this place.
 D = Time resting spent in this place.
 E = Time spent auto-exploring this place.
 F = Levels seen in this place.
 G = Mean time per level.
                   A        B        C        D        E       F      G
               +--------+--------+--------+--------+--------+-----+--------+
         Total |   3215 |   3122 |     93 |    575 |   2114 |   3 | 1071.7 |
       Dungeon |   3215 |   3122 |     93 |    575 |   2114 |   3 | 1071.7 |
               +--------+--------+--------+--------+--------+-----+--------+

Top non-repeatable levels by time:
     D:1: 1697 daAuts
     D:2: 1433 daAuts
     D:3: 84 daAuts
